 Dungeon Crawl Stone Soup version 0.15-a0-2036-g5428f20 (webtiles) character file.

129 N00bl0rd the Skirmisher (level 5, 0/55 HPs)
             Began as an Ogre Fighter on July 13, 2014.
             Slain by an orc priest
             ... wielding a +0 hand axe
              (6 damage)
             ... on Level 3 of the Dungeon.
             The game lasted 00:09:50 (2746 turns).

N00bl0rd the Skirmisher (Ogre Fighter)              Turns: 2746, Time: 00:09:50

HP   0/55        AC  3     Str 22      XL: 5   Next: 12%
MP   5/5         EV  8     Int  7      God:
Gold 208         SH  8     Dex  9      Spells:  0 memorised,  4 levels left

rFire  . . .     SeeInvis .     a - +0 flail
rCold  . . .     Clarity  .     b - +0 robe
rNeg   . . .     rCorr    .     c - +0 shield
rPois  .         rRot     .     (helmet restricted)
rElec  .         Spirit   .     (no cloak)
SustAb .         Warding  .     (gloves unavailable)
rMut   .         Stasis   .     (boots unavailable)
Gourm  .                        (no amulet)
MR     .....                    (no ring)
                                (no ring)

@: not resistant to hostile enchantments, very unstealthy
A: unfitting armour, tough skin 1
a: no special abilities


You were on level 3 of the Dungeon.
You were hungry.

You visited 1 branch of the dungeon, and saw 4 of its levels.

You collected 208 gold pieces.

Inventory:

Hand weapons
 a - a +0 flail (weapon)
Armour
 b - a +0 robe (worn)
 c - a +0 shield (worn)
Magical devices
 l - a wand of random effects (6)
Comestibles
 d - 4 meat rations
 h - 3 bread rations
 j - 2 fruits
 t - a slice of pizza
Scrolls
 f - 4 scrolls of teleportation {unknown}
 g - a scroll of identify {unknown}
 i - a scroll of random uselessness {unknown}
 o - 2 scrolls of remove curse {unknown}
 p - 2 scrolls of immolation {unknown}
 r - 2 scrolls of amnesia {unknown}
 w - 2 scrolls of fear {unknown}
 y - a scroll of enchant weapon {unknown}
Potions
 e - 3 potions of might
 k - a potion of flight {unknown}
 m - a potion of mutation {unknown}
 n - a potion of poison {unknown}
 x - a potion of brilliance {unknown}
 z - a potion of agility {unknown}
 A - a potion of berserk rage {unknown}
Books
 q - a book of Cantrips

   Spells                             Type                      Level
   Corona                             Hexes                        1
   Animate Skeleton                   Necromancy                   1
   Summon Small Mammal                Summoning                    1
   Apportation                        Translocation                1


   Skills:
 + Level 4.9 Fighting
 * Level 4.2 Maces & Flails
 + Level 1.3 Armour
 * Level 3.5 Dodging
 + Level 2.9 Shields


You had 4 spell levels left.
You didn't know any spells.

Dungeon Overview and Level Annotations

Branches:
Dungeon (4/15)
 Temple: D:4-7

Altars:
Ashenzari
Fedhas
Nemelex Xobeh
Xom
Yredelemnul
Zin


Innate Abilities, Weirdness & Mutations

You are too large for most types of armour.
You have tough skin (AC +1).


Message History

The orc barely misses you.
You hit the orc.
You kill the orc!
No target in view!
No target in view!
An orc priest comes into view. It is wielding a hand axe.
The orc priest shouts!
Things that are here:
a falchion; a leather armour; an orc corpse You start butchering the orc corpse.
You continue butchering the corpse.
The orc priest calls down the wrath of Beogh upon you.
Something smites you!
You stop butchering the corpse.
* * * LOW HITPOINT WARNING * * *
Unknown command.
You hit the orc priest but do no damage.
The orc priest hits you with a hand axe.
* * * LOW HITPOINT WARNING * * *
You barely miss the orc priest.
The orc priest hits you with a hand axe.
You die...

#.#..##..#.##.# #...#
#.##)#........#### #.###
#.##.#...#.......# #.#
#................# #.#
####..........#..# #.#
##...<....##.#..####.#
#####.......#.##.........#
...###......#..o....###### ##
...####.##.##.##@#.## #.
.........#.##.)....# #####.
...#.#.#.#....)...## #.....
...#.#.#.######...# #.###.
...#...#.# #...####### #.# #.
......##.# #..>......# #.# ##
####...#.######....####.####.####
###......#..............##.......
...#.......................#.....


You could see an orc priest.

Vanquished Creatures
  An orc wizard (D:3)
  3 adders (D:2)
  A giant mite (D:1)
  2 giant geckos
  8 orcs (D:3)
  6 bats
  2 giant cockroaches
  4 goblins
  3 hobgoblins
  5 jackals
  2 quokkas
  5 giant newts
  5 kobolds
  10 rats
57 creatures vanquished.

Notes
Turn   | Place    | Note
--------------------------------------------------------------
     0 | D:1      | N00bl0rd, the Ogre Fighter, began the quest for the Orb.
     0 | D:1      | Reached XP level 1. HP: 24/24 MP: 1/1
   174 | D:1      | Reached XP level 2. HP: 30/32 MP: 2/2
   953 | D:2      | Reached XP level 3. HP: 24/39 MP: 3/3
  1111 | D:2      | Found a shimmering altar of Xom.
  1222 | D:2      | Found a basalt altar of Yredelemnul.
  1229 | D:2      | Reached skill level 1 in Armour
  1246 | D:2      | Found a shattered altar of Ashenzari.
  1246 | D:2      | Found a glowing silver altar of Zin.
  1246 | D:2      | Found a blossoming altar of Fedhas.
  1251 | D:2      | Found a sparkling altar of Nemelex Xobeh.
  1398 | D:2      | Reached XP level 4. HP: 49/49 MP: 4/4
  2195 | D:3      | Reached XP level 5. HP: 52/55 MP: 5/5
  2746 | D:3      | Slain by an orc priest

Action                   |  1- 3 |  4- 6 || total
-------------------------+-------+-------++-------
Melee: Flail             |    64 |    84 ||   148
Evoke: Wand              |     1 |       ||     1
  Eat: Chunk             |     1 |     4 ||     5
